 Dungeon Crawl Stone Soup version 0.18-a0-1774-gce1f7b6 (webtiles) character file.

12112 namelastname112 the Covert (level 11, -13/58 HPs)
             Began as a Vine Stalker Assassin on Apr 15, 2016.
             Was an Elder of Dithmenos.
             Mangled by a cyan ugly thing (16 damage)
             ... on level 12 of the Dungeon.
             The game lasted 00:19:23 (9765 turns).

namelastname112 the Covert (Vine Stalker Assassin)  Turns: 9765, Time: 00:19:24

Health: -13/58     AC:  9    Str: 10 (11) XL:     11   Next: 88%
Magic:  0/12       EV: 16    Int: 13 (14) God:    Dithmenos [****..]
Gold:   857        SH:  0    Dex: 29      Spells: 2 memorised, 7 levels left

rFire  . . .     SeeInvis .     L - +3 rapier (speed)
rCold  . . .     Gourm    +     H - +2 ring mail "Osej" {Regen+ Int+3 Dex+7}
rNeg   . . .     Faith    .     (no shield)
rPois  .         Spirit   +     j - +0 helmet
rElec  .         Dismiss  .     d - +0 cloak
rCorr  .         Reflect  .     (no gloves)
SustAt .         Harm     .     (no boots)
MR     +....     Rnd*Rage +     t - amulet of the gourmand
Stlth  +++++++++.               (no ring)
                                (no ring)

@: wreathed by umbra, invisible, somewhat resistant to hostile enchantments,
incredibly stealthy
A: fangs 3, thin skeletal structure 1, berserk 1, deterioration 1, regeneration
2, weak 1, magic shield, antimagic bite, no device heal 3, rot immunity
a: Shadow Step, Renounce Religion


You were on level 12 of the Dungeon.
You worshipped Dithmenos.
Dithmenos was greatly pleased with you.
You were very hungry.

You visited 1 branch of the dungeon, and saw 12 of its levels.

You collected 857 gold pieces.

Inventory:

Hand Weapons
 b - a +1 blowgun
 L - a +3 rapier of speed (weapon)
Missiles
 e - 44 poisoned needles
 f - 10 curare-tipped needles
Armour
 d - a +0 cloak (worn)
 j - a +0 helmet (worn)
 H - the +2 ring mail "Osej" (worn) {Regen+ Int+3 Dex+7}
   (You found it on level 6 of the Dungeon)

   It affects your intelligence (+3).
   It affects your dexterity (+7).
   It increases your rate of regeneration.
Jewellery
 t - an amulet of the gourmand (around neck)
Wands
 q - a wand of confusion (37/48)
 w - a wand of paralysis (1/24)
 K - a wand of digging (14/24)
Scrolls
 l - 3 scrolls of blinking
 n - 4 scrolls of remove curse
 y - 2 scrolls of identify
 z - a scroll of enchant armour
 A - a scroll of enchant weapon
 B - 8 scrolls of teleportation
 E - a scroll of magic mapping
 F - a scroll of fear
 I - a scroll of acquirement
 M - a scroll of amnesia
Potions
 c - a potion of lignification
 h - 5 potions of curing
 i - 3 potions of brilliance
 k - a potion of flight {unknown}
 o - 2 potions of berserk rage {unknown}
 s - 2 potions of degeneration {unknown}
 u - a potion of haste {unknown}
 D - a potion of magic
Books
 v - a book of Minor Magic

   Spells                             Type                      Level
   a - Magic Dart                     Conjuration                  1
   b - Blink                          Translocation                2
   c - Call Imp                       Summoning                    2
   d - Repel Missiles                 Charms/Air                   2
   e - Slow                           Hexes                        2
   f - Conjure Flame                  Conjuration/Fire             3
   g - Mephitic Cloud                 Conjuration/Poison/Air       3
 x - a Young Poisoner's Handbook

   Spells                             Type                      Level
   a - Sting                          Conjuration/Poison           1
   b - Cure Poison                    Poison                       2
   c - Mephitic Cloud                 Conjuration/Poison/Air       3
   d - Olgreb's Toxic Radiance        Poison                       4
   e - Venom Bolt                     Conjuration/Poison           5
 N - a book of Spatial Translocations

   Spells                             Type                      Level
   a - Apportation                    Translocation                1
   b - Blink                          Translocation                2
   c - Shroud of Golubria             Charms/Translocation         2
   d - Portal Projectile              Translocation                3
   e - Teleport Other                 Translocation                3
   f - Passage of Golubria            Translocation                4
Comestibles
 a - 4 fruits
 g - 5 bread rations
 p - 3 meat rations
 r - 2 slices of pizza
 G - 8 royal jellies
 J - a beef jerky


   Skills:
 + Level 6.7 Fighting
 * Level 9.2 Short Blades
 + Level 6.9 Throwing
 + Level 6.2 Dodging
 + Level 12.8 Stealth
 + Level 1.5 Translocations


You had 7 spell levels left.
You knew the following spells:

 Your Spells              Type           Power        Failure   Level  Hunger
a - Blink                 Tloc           N/A          69%         2    ###....
e - Apportation           Tloc           #.........   43%         1    ##.....


Dungeon Overview and Level Annotations

Branches:
Dungeon (12/15)            Temple (0/1) D:5            Lair (0/8) D:8
    Orc (0/2) D:9

Altars:
Cheibriados
Dithmenos
Elyvilon
Makhleb
Pakellas
Qazlal
Ru
Yredelemnul
Zin

Shops:
D:7 %   D:9 }

Portals:
Trove: D:10 (give 9 potions of agility)


Innate Abilities, Weirdness & Mutations

You have razor-sharp teeth.
You heal very quickly.
When hurt, damage is shared between your health and your magic reserves.
Your bite disrupts and absorbs the magic of your enemies.
Potions and wands cannot restore your health.
You are immune to rotting.
You have a somewhat thin skeletal structure (Dex +2, Stealth).
You tend to lose your temper in combat.
Your body sometimes deteriorates upon taking damage.
You are weak. (Str -2)


Message History

Throwing (i - inventory):
m - 2 throwing nets (quivered)
Press: ? - help, Shift-Dir - straight line, f/p - cyan ugly thing
Aim: a cyan ugly thing (severely wounded, umbra)
You throw a throwing net.
The throwing net closely misses the cyan ugly thing.
The cyan ugly thing misses you.
Throwing (i - inventory):
m - a throwing net (quivered)
Press: ? - help, Shift-Dir - straight line, f/p - cyan ugly thing
Aim: a cyan ugly thing (severely wounded, umbra)
You throw a throwing net.
The throwing net barely misses the cyan ugly thing.
The cyan ugly thing completely misses you.
Drink which item? (? for menu, Esc to quit)
Okay, then.
Drink which item? (? for menu, Esc to quit)
You fade into invisibility!
The cyan ugly thing gores you!
* * * LOW HITPOINT WARNING * * *
The cyan ugly thing shocks you!
You die...

..########)# #.......##
..# #)# #........... ..+
#.#########..........# ..#
#........<..######...# ..+
#...........# ...# ..#
#...#+###...# ...# ..#
#...#...#...# .# ..#
###...#...#...#
..######.....#..@#...#####
.............#..u#o.......
.............#...o........
.............#####........
...................(......
.[................###+###.
..................#
.......#####......#
.......# #.o<...#


You could see a cyan ugly thing and an orc warrior.

Vanquished Creatures
  A hydra (D:12)
  Sonja (D:11)
  3 hill giants (D:11)
  Pikel (D:8)
  A deep elf mage (D:12)
  An ugly thing (D:11)
  A cyclops (D:11)
  The ghost of namelastname112 the Covert, a novice VSAs (D:5)
  A queen bee (D:8)
  A troll (D:12)
  Grinder (D:5)
  A yak (D:8)
  A steam dragon (D:10)
  Menkaure (D:7)
  A soldier ant (D:11)
  Duvessa (D:4)
  2 slaves (D:8)
  A black bear (D:6)
  7 orc warriors
  3 ice beasts
  A phantom (D:8)
  5 sky beasts
  3 ogres
  2 necrophages
  4 centaurs
  3 crocodiles
  A big kobold (D:12)
  4 giant frogs
  A gnoll sergeant (D:6)
  Dowan (D:4)
  15 killer bees
  A water moccasin skeleton (D:11)
  4 wights (D:7)
  2 electric eels (D:12)
  A howler monkey (D:9)
  3 crimson imps
  3 giant frog zombies
  3 centaur zombies
  2 jellies (D:11)
  7 orc priests
  A quasit (D:5)
  8 hounds
  A centaur skeleton (D:7)
  2 giant frog skeletons
  3 gnoll shamans (D:7)
  14 orc wizards
  2 iguanas
  5 worker ants
  A killer bee zombie (D:6)
  A worker ant zombie (D:8)
  A howler monkey skeleton (D:4)
  13 gnolls
  11 adders
  3 river rats (D:8)
  3 shadow imps
  2 adder skeletons (D:9)
  A worm (D:6)
  2 dart slugs (D:1)
  2 giant geckos
  39 orcs
  A ball python (D:1)
  14 bats
  7 giant cockroaches
  4 goblins (D:1)
  15 hobgoblins
  8 jackals
  13 kobolds
  2 quokkas
  5 giant newts
  A jackal zombie (D:8)
  19 rats
301 creatures vanquished.

Vanquished Creatures (others)
  An orc wizard (D:10)
  17 fungi (D:8)
  2 plants (D:8)
20 creatures vanquished.

Grand Total: 321 creatures vanquished

Notes
Turn   | Place    | Note
--------------------------------------------------------------
     0 | D:1      | namelastname112 the Vine Stalker Assassin began the quest for the Orb.
     0 | D:1      | Reached XP level 1. HP: 11/11 MP: 2/2
    51 | D:1      | Reached skill level 5 in Stealth
    96 | D:1      | Reached XP level 2. HP: 15/15 MP: 3/3
   134 | D:1      | Reached skill level 1 in Dodging
   528 | D:1      | Reached XP level 3. HP: 10/18 MP: 2/4
   763 | D:2      | Reached XP level 4. HP: 21/23 MP: 3/5
  1036 | D:2      | jacquesderrida: ХАЙ НОМЕРН
  1128 | D:3      | jacquesderrida: ГДЕ ОСТАЛЬЫНЕ СЛОВИНСКИ
  1130 | D:3      | HP: 1/23 [orc/flail (7)]
  1136 | D:3      | HP: 1/23 [orc/flail (1)]
  1184 | D:3      | jacquesderrida: денг....
  1188 | D:3      | jacquesderrida: гур менн
  1188 | D:3      | namelastname112: привет женкинс
  1188 | D:3      | jacquesderrida: гур менг
  1292 | D:3      | Reached XP level 5. HP: 14/27 MP: 6/6
  1565 | D:3      | jacquesderrida: дееееееееенг
  1649 | D:3      | jacquesderrida: май нер меджик
  2005 | D:4      | jacquesderrida: Подхватил майнер в данжене
  2015 | D:4      | Found a white marble altar of Elyvilon.
  2080 | D:4      | Found a basalt altar of Yredelemnul.
  2081 | D:4      | Found a snail-covered altar of Cheibriados.
  2082 | D:4      | Found a shadowy altar of Dithmenos.
  2082 | D:4      | Found a sacrificial altar of Ru.
  2087 | D:4      | Became a worshipper of Dithmenos the Shadowed
  2227 | D:4      | Gained mutation: You heal very quickly. [Vine Stalker growth]
  2227 | D:4      | Reached XP level 6. HP: 30/32 MP: 5/7
  2239 | D:4      | Reached skill level 6 in Stealth
  2494 | D:5      | Entered Level 5 of the Dungeon
  2508 | D:5      | Found a staircase to the Ecumenical Temple.
  2514 | D:5      | Noticed Grinder
  2526 | D:5      | Paralysed by Grinder for 6 turns
  2537 | D:5      | jacquesderrida: ГРЕНДАРН
  2543 | D:5      | Killed Grinder
  2543 | D:5      | Reached skill level 7 in Stealth
  2543 | D:5      | Reached XP level 7. HP: 5/36 MP: 5/8
  2594 | D:5      | Noticed namelastname112's ghost (novice VSAs)
  2594 | D:5      | jacquesderrida: МЕНГ..........
  2625 | D:5      | jacquesderrida: Не любишь ты выигрывать...
  2671 | D:5      | namelastname112: я парень рисковый
  2744 | D:6      | jacquesderrida: паринь по имени намир
  2822 | D:6      | jacquesderrida: лол менг...
  2835 | D:6      | jacquesderrida: Вот
  2852 | D:6      | jacquesderrida: уже лудьтьцьше
  3560 | D:6      | Got an ancient ring mail
  3571 | D:6      | Identified the +2 ring mail "Osej" {Regen+ Int+3 Dex+7} (You found it on level 6 of the Dungeon)
  3613 | D:6      | Gained mutation: You have razor-sharp teeth. [Vine Stalker growth]
  3613 | D:6      | Reached XP level 8. HP: 32/40 MP: 7/9
  3719 | D:6      | jacquesderrida: cherny medmed'
  3719 | D:6      | Reached skill level 8 in Stealth
  3732 | D:6      | Found a burning altar of Makhleb.
  4061 | D:5      | Noticed Duvessa
  4064 | D:5      | Noticed Dowan
  4106 | D:4      | Killed Duvessa
  4106 | D:4      | Reached skill level 5 in Short Blades
  4123 | D:4      | Killed Dowan
  4165 | D:5      | Killed namelastname112's ghost
  4165 | D:5      | Reached skill level 9 in Stealth
  4165 | D:5      | Reached XP level 9. HP: 17/45 MP: 5/10
  4510 | D:7      | Found a glowing silver altar of Zin.
  4562 | D:7      | Noticed Menkaure
  4577 | D:7      | Killed Menkaure
  4746 | D:7      | Reached * piety under Dithmenos
  4900 | D:7      | Reached skill level 10 in Stealth
  5074 | D:7      | Reached skill level 5 in Throwing
  5222 | D:7      | Reached ** piety under Dithmenos
  5280 | D:7      | Reached skill level 5 in Fighting
  5401 | D:7      | Reached XP level 10. HP: 12/51 MP: 3/11
  5828 | D:7      | Found Dokiffuq's Food Boutique.
  6075 | D:7      | jacquesderrida: НОМИРРРР
  6215 | D:8      | jacquesderrida: Счас трубку выкурю и работать, намир!
  6225 | D:8      | Got a distressingly furry scale mail
  6231 | D:8      | jacquesderrida: Один останешься!
  6239 | D:8      | jacquesderrida: С роботом!
  6239 | D:8      | namelastname112: эх
  6239 | D:8      | jacquesderrida: Кто знает что ему в жестяную голову придет!
  6239 | D:8      | namelastname112: оставляешь меня машине
  6242 | D:8      | jacquesderrida: namir ex machina
  6345 | D:8      | jacquesderrida: Но я еще даже не зажег...
  6353 | D:8      | Reached skill level 5 in Dodging
  6442 | D:8      | Reached *** piety under Dithmenos
  6464 | D:8      | Reached skill level 11 in Stealth
  6724 | D:8      | Found a staircase to the Lair.
  6755 | D:8      | Identified the cursed +0 scale mail of Leafit {*Drain rN+ MR+++ Int+4} (You found it on level 8 of the Dungeon)
  6763 | D:8      | jacquesderrida: ВСЕ, РАСКУРИЛ...
  6768 | D:8      | jacquesderrida: Пошло добро...!
  6782 | D:8      | Noticed Pikel
  6850 | D:8      | Killed Pikel
  6947 | D:8      | Gained mutation: You are clumsy. (Dex -2) [mutagenic meat]
  6948 | D:8      | Gained mutation: You are weak. (Str -2) [mutagenic meat]
  7057 | D:8      | Reached **** piety under Dithmenos
  7417 | D:9      | jacquesderrida: Поизонер, намир...
  7437 | D:9      | Found Sitoewnu's Gadget Boutique.
  7495 | D:9      | jacquesderrida: Можно стебить с мефитиком...
  7628 | D:9      | jacquesderrida: гадната...
  7628 | D:9      | namelastname112: и весь этаж будить вонизмами
  7694 | D:9      | Found an oddly glowing altar of Pakellas.
  7707 | D:9      | Found a staircase to the Orcish Mines.
  7776 | D:9      | Reached XP level 11. HP: 56/56 MP: 12/12
  7956 | D:9      | jacquesderrida: не всех, только тех, кого проблема так убить...
  8036 | D:10     | Entered Level 10 of the Dungeon
  8067 | D:10     | Found a stormy altar of Qazlal.
  8126 | D:10     | Reached skill level 12 in Stealth
  8132 | D:10     | jacquesderrida: POOR MAN'S FIRESTORM
  8143 | D:10     | jacquesderrida: lale
  8153 | D:10     | Found a portal to a secret trove of treasure.
  8304 | D:10     | jacquesderrida: deeeeeeng
  8476 | D:10     | jacquesderrida: Дорогое удовольствие
  8521 | D:11     | Noticed Sonja
  8524 | D:11     | Killed Sonja
  8604 | D:11     | Noticed a cyclops
  8607 | D:11     | Killed a cyclops
  8687 | D:11     | Noticed a hill giant
  8688 | D:11     | jacquesderrida: пздц бесстрашный......
  8772 | D:11     | Killed a hill giant
  8913 | D:11     | Noticed a hill giant
  8917 | D:11     | Noticed a hill giant
  8920 | D:11     | Killed a hill giant
  8923 | D:11     | Noticed a red ugly thing
  8928 | D:11     | Killed a red ugly thing
  8938 | D:11     | Killed a hill giant
  8940 | D:11     | Gained mutation: Your body sometimes deteriorates upon taking damage. [mutagenic meat]
  8941 | D:11     | Lost mutation: You are clumsy. (Dex -2) [mutagenic meat]
  8942 | D:11     | Gained mutation: You tend to lose your temper in combat. [mutagenic meat]
  8943 | D:11     | Gained mutation: You have a somewhat thin skeletal structure (Dex +2, Stealth). [mutagenic meat]
  8972 | D:11     | jacquesderrida: пздц, намир...
  9076 | D:11     | Learned a level 1 spell: Apportation
  9079 | D:11     | Learned a level 2 spell: Blink
  9399 | D:11     | Identified 2 scrolls of acquirement
  9404 | D:12     | Noticed an eight-headed hydra
  9406 | D:12     | Killed an eight-headed hydra
  9612 | D:12     | Noticed a deep elf mage
  9625 | D:12     | Reached skill level 1 in Translocations
  9650 | D:12     | Killed a deep elf mage
  9722 | D:12     | Noticed a cyan ugly thing
  9765 | D:12     | Mangled by a cyan ugly thing

Vault maps used:
D:1:      lemuel_arrival_tunnels
D:3:      first_bread, kennysheep_boxes
D:4:      elyvilon_altar_5, grunt_temple_overflow_open
D:5:      minmay_temple_entry_statues_fountains, item_on_display_a,
          uniq_grinder, uniq_duvessa
D:6:      marbit_many_paths
D:7:      kennysheep_housing_project, lemuel_coloured_pillars_altar,
          serial_shops, nicolae_shop_window_shopping, uniq_menkaure
D:8:      kennysheep_big_flooded_room, grunt_lair_entry_orc_guard_hut,
          david_nohive_1, uniq_pikel
D:9:      grunt_pakellas_mercury, orc_0_dummy, serial_shops, shop
D:10:     basic_altar, enter_trove_2
D:11:     uniq_sonja
D:12:     serial_shops, kennysheep_mini_moat, serial_bayou_pond_b, uniq_erolcha

Skill      XL: |  1  2  3  4  5  6  7  8  9 10 11 |
---------------+----------------------------------+-----
Stealth        | 5 7 9 10 11 12 | 12.8
Fighting       | 2 3 4 5 6 |  6.7
Dodging        | 1 2 3 4 5 6 |  6.2
Short Blades   | 2 3 4 5 6 7 9 |  9.2
Throwing       | 2 3 4 5 6 |  6.9
Translocations | 1 |  1.5

Action                   |  1- 3 |  4- 6 |  7- 9 | 10-12 || total
-------------------------+-------+-------+-------+-------++-------
Melee: Dagger            |    90 |   197 |   458 |   585 ||  1330
       Bite              |    23 |    47 |   211 |   298 ||   579
       Rapier            |       |       |       |    78 ||    78
 Fire: Blowgun           |       |       |    30 |    45 ||    75
Throw: Throwing net      |       |     1 |       |     3 ||     4
Invok: Shadow Step       |       |       |       |     2 ||     2
  Use: Scroll            |     1 |       |     5 |    15 ||    21
       Potion            |       |       |     1 |     1 ||     2
 Stab: Sleeping          |     6 |    12 |    13 |    22 ||    53
       Distracted        |     1 |       |     1 |     5 ||     7
       Held in net/web   |       |     1 |       |       ||     1
  Eat: Chunk             |       |    19 |     5 |    18 ||    42
       Pizza             |       |       |       |     1 ||     1
Armor: Robe              |    36 |    31 |    10 |       ||    77
       Ring mail         |       |       |    56 |    95 ||   151
Dodge: Dodged            |    74 |    91 |   231 |   348 ||   744
